 Dungeon Crawl Stone Soup version 0.21.1-1-g345015fe64 (webtiles) character file.

130 foamfoamfoam the Poker (level 5, -2/63 HPs)
             Began as a Merfolk Berserker on Mar 18, 2018.
             Was a Believer of Trog.
             Slain by Sigmund
             ... wielding a +0 scythe
              (4 damage)
             ... on level 3 of the Dungeon.
             The game lasted 00:23:36 (2868 turns).

foamfoamfoam the Poker (Merfolk Berserker)          Turns: 2868, Time: 00:23:37

Health: -2/63      AC: 22    Str: 18    XL:     5   Next: 14%
Magic:  5/5        EV:  2    Int:  7    God:    Trog [**....]
Gold:   170        SH:  0    Dex: 13    Spells: 4/4 levels left

rFire    . . .     SeeInvis .   a - +0 spear
rCold    . . .     Gourm    .   (no shield)
rNeg     + + +     Faith    .   (armour currently unavailable)
rPois    +         Spirit   .   (helmet currently unavailable)
rElec    .         Reflect  .   (cloak currently unavailable)
rCorr    .         Harm     .   (gloves currently unavailable)
MR       .....     NoTele   +   (boots currently unavailable)
Stlth    +.........             (no amulet)
HPRegen  0.20/turn              (no ring)
MPRegen  0.09/turn              (no ring)

@: tree-form
A: (change form in water), (swift swim), (stealthy swim)
a: Berserk, Trog's Hand, Burn Spellbooks, Renounce Religion


You were on level 3 of the Dungeon.
You worshipped Trog.
Trog was pleased with you.
You were not hungry.
You were a tree.
You visited 1 branch of the dungeon, and saw 3 of its levels.

You collected 170 gold pieces.

Inventory:

Hand Weapons
 a - a +0 spear (weapon)
 o - a +0 quarterstaff
 p - a cursed -3 falchion
Missiles
 f - 91 stones (quivered)
 i - 6 javelins
 x - 8 sling bullets
Armour
 b - a +0 animal skin
 d - a +1 ring mail (melded)
 g - a +0 helmet
 q - a +0 ring mail
 r - a +0 animal skin
 t - a +2 helmet (melded)
 u - a +2 pair of gloves (melded)
Jewellery
 l - an uncursed ring of flight {unknown}
 m - a cursed ring of poison resistance {unknown}
Scrolls
 h - a scroll of amnesia
 j - 3 scrolls of remove curse
 k - 2 scrolls of identify {unknown}
 s - 2 scrolls of fear {unknown}
Books
 e - a book of Cantrips

   Spells                             Type                      Level
   a - Confusing Touch                Hexes                        1
   b - Animate Skeleton               Necromancy                   1
   c - Summon Small Mammal            Summoning                    1
   d - Apportation                    Translocation                1
   Trog disapproves of the use of such an item.
Comestibles
 c - a ration
 v - 2 chunks of flesh


   Skills:
 + Level 4.0 Fighting
 + Level 6.1 Polearms
 + Level 2.1 Armour
 + Level 3.7 Dodging
 + Level 0.2 Stealth


You had 4 spell levels left.
You didn't know any spells.

Dungeon Overview and Level Annotations

Branches:
Dungeon (3/15)

Altars:
Trog
Zin

Annotations:
D:3 Sigmund


Message History

Your +2 pair of gloves melds into your body.
Your +1 ring mail melds into your body.
Your roots penetrate the ground.
Unknown command.
You cannot move. (Use ctrl+direction to attack without moving.)
You cannot move. (Use ctrl+direction to attack without moving.)
You swing at nothing.
Something hits you but does no damage.
You miss something.
You feel less confused.
You barely miss something. Something hits you but does no damage.
You barely miss something. Something hits you but does no damage.
You hit something. You closely miss something. Something hits you.
* * * LOW HITPOINT WARNING * * *
You miss something. You hit something. Something hits you but does no damage.
You hit something. You closely miss something.
Something hits you but does no damage.
You hit something but do no damage. You closely miss something.
Something hits you.
You die...

..# ..# .. #.###
.# #...# ..# .
###.# ##S.#.# ##
.# ..... .## .
..< ..# #.
########.# #.##
.. #....♣{g.#
.... #..
#..#####........
.##.. .....
.........
.#.......
##...♣.≈P#
...#>..
...≈≈.≈≈♣
.###.###.
..≈≈≈.P≈≈
#.[......
.♣≈≈≈.≈P≈
#....###. ..
≈≈P.≈P #)####


You could see a goblin.

Vanquished Creatures
  An orc wizard (D:3)
  Robin (D:3)
  3 adders
  A leopard gecko (D:1)
  3 orcs
  A bat zombie (D:2)
  12 goblins
  4 hobgoblins
  7 jackals (D:1)
  3 kobolds
  A quokka (D:2)
  A ball python (D:3)
  8 bats
  3 frilled lizards
  9 rats
  A plant (D:1)
59 creatures vanquished.

Notes
Turn   | Place    | Note
-------+----------+-------------------------------------------
     0 | D:1      | foamfoamfoam the Merfolk Berserker began the quest for the Orb.
     0 | D:1      | Reached XP level 1. HP: 18/18 MP: 1/1
   261 | D:1      | Reached XP level 2. HP: 24/24 MP: 2/2
   433 | D:1      | Reached skill level 5 in Polearms
   851 | D:1      | Reached XP level 3. HP: 25/30 MP: 3/3
  1220 | D:2      | Found a transporter.
  1231 | D:2      | Found a transporter.
  1242 | D:2      | Found a bloodstained altar of Trog.
  1352 | D:2      | Found a glowing silver altar of Zin.
  2237 | D:3      | Reached ** piety under Trog
  2241 | D:3      | Noticed Robin
  2246 | D:3      | Reached XP level 4. HP: 26/37 MP: 4/4
  2274 | D:3      | Killed Robin
  2314 | D:3      | Noticed an ogre
  2328 | D:3      | HP: 1/37 [ogre/giant spiked club (19)]
  2819 | D:3      | Noticed Sigmund
  2844 | D:3      | Reached skill level 6 in Polearms
  2844 | D:3      | Reached XP level 5. HP: 29/42 MP: 5/5
  2862 | D:3      | HP: 1/63 [something (4)]
  2868 | D:3      | Slain by Sigmund

Skill      XL: |  1  2  3  4 |
---------------+-------------+-----
Polearms       | 5 6 |  6.1
Dodging        | 3 |  3.7
Armour         | 2 |  2.1
Fighting       | 4 |  4.0
Stealth        | |  0.2

Action                   |  1- 3 |  4- 6 || total
-------------------------+-------+-------++-------
Melee: Spear             |   194 |    94 ||   288
Throw: Stone             |       |     1 ||     1
  Use: Scroll            |     2 |     3 ||     5
       Potion            |     2 |     2 ||     4
  Eat: Ration            |     1 |     1 ||     2
       Chunk             |     1 |     1 ||     2
Armor: Ring mail         |    65 |    31 ||    96
       Skin              |       |     5 ||     5
Dodge: Dodged            |   119 |    58 ||   177
